 Dungeon Crawl Stone Soup version 0.31-a0-252-gc4385922b5 (webtiles) character file.

Game seed: 7229415385179883921

27 qw the Shooter (level 2, -2/24 HPs)
             Began as a Minotaur Hexslinger on July 12, 2023.
             Slain by a goblin
             ... wielding a +0 dagger
             ... led by Robin
              (3 damage)
             ... on level 1 of the Dungeon.
             The game lasted 00:00:16 (483 turns).

qw the Shooter (Minotaur Hexslinger)                 Turns: 483, Time: 00:00:16

Health: -2/24      AC:  5    Str: 12    XL:     2   Next: 93%
Magic:  2/2        EV: 10    Int: 10    God:
Gold:   92         SH:  0    Dex: 12    Spells: 2/3 levels left

rFire   . . .        Y - +1 sling
rCold   . . .        (no shield)
rNeg    . . .        f - +0 ring mail
rPois   .            (helmet restricted)
rElec   .            (no cloak)
rCorr   .            (no gloves)
SInv    .            (no boots)
Will    .....        (no amulet)
Stlth   +            (no ring)
HPRegen 0.24/turn    (no ring)
MPRegen 0.08/turn

%: no passive effects
@: weak-willed
A: horns 2, retaliatory headbutt
a: no special abilities


You were on level 1 of the Dungeon.
You visited 1 branch of the dungeon, and saw 2 of its levels.

You collected 92 gold pieces.


Innate Abilities, Weirdness & Mutations

You have a pair of horns on your head.
You reflexively headbutt those who attack you in melee.


   Skills:
 - Level 2.0 Fighting
 + Level 3.5 Ranged Weapons
 - Level 2.1 Dodging
 - Level 1.0 Spellcasting
 - Level 2.0 Hexes


You had 2 spell levels left.
You knew the following spells:

 Your Spells              Type           Power      Damage    Failure   Level
a - Slow                  Hex            16%        N/A       34%         1

Your spell library contained the following spells:

 Spells                   Type           Power      Damage    Failure   Level
 Inner Flame              Hex/Fire       2%         N/A       83%         3
 Portal Projectile        Hex/Tloc       4%         N/A       83%         3
 Cause Fear               Hex            2%         N/A       98%         4

Inventory:

Hand Weapons
 Y - a +1 sling (weapon)
Armour
 f - a +0 ring mail (worn)
Potions
 g - a potion of heal wounds {unknown}

Dungeon Overview and Level Annotations

Branches:
Dungeon (2/15)

Altars:

Annotations:
D:1 Robin


Message History

The sling bullet hits the goblin!
You kill the goblin!
The ball python bites you but does no damage.
The ball python grabs you. The ball python constricts you.
The goblin barely misses you.
You shoot a sling bullet. The sling bullet hits the ball python.
You kill the ball python!
The goblin closely misses you. The goblin barely misses you.
Robin roars a battlecry!
The goblins go into a battle-frenzy!
You hear an angry hiss.
You shoot a sling bullet. The sling bullet hits Robin.
Robin is lightly wounded.
The goblin completely misses you. You furiously retaliate!
You headbutt the goblin, but do no damage.
The goblin closely misses you. The goblin hits you with a +0 dagger.
A ball python comes into view.
The goblin hits you with a +0 dagger.
The goblin hits you with a +2 dagger of holy wrath.
The goblin hits you but does no damage. Robin misses you.
479 ||| STAIRDANCE The goblin hits you but does no damage.
The goblin hits you with a +2 dagger of holy wrath.
The goblin hits you but does no damage. Robin hits you with a +0 club.
You climb upwards.
There is a stone staircase leading down here.
You shoot a sling bullet. The sling bullet barely misses Robin.
The goblin misses you.
The goblin hits you with a +2 dagger of holy wrath.
The goblin hits you with a +0 dagger.
You shoot a sling bullet. The sling bullet hits Robin!
Robin is heavily wounded.
The goblin hits you but does no damage. x2
The goblin hits you with a +0 dagger. Robin hits you with a +0 club.
You shoot a sling bullet. The sling bullet hits Robin.
Robin is almost dead.
The goblin hits you but does no damage.
The goblin hits you with a +2 dagger of holy wrath.
The goblin hits you with a +0 dagger.
You die...

##### #.g?# ######
#.g@# .....#
######.gg#
.....####........#
.....#....####...#
.........## #...#
###...##.### ##.##
....####...# #.#
...## #...# #.#
...# ##..# #.#


You could see Robin and 3 goblins.

Vanquished Creatures
  3 ball pythons
  2 bats (D:1)
  3 endoplasms (D:1)
  2 giant cockroaches (D:1)
  A hobgoblin (D:1)
  A kobold (D:1)
  3 frilled lizards (D:1)
  6 goblins
  5 rats (D:1)
26 creatures vanquished.

Notes
Turn   | Place    | Note
-------+----------+-------------------------------------------
     0 | D:1      | qw the Minotaur Hexslinger began the quest for the Orb.
     0 | D:1      | Reached XP level 1. HP: 16/16 MP: 1/1
     0 | D:1      | 0 ||| qw: Version: 0.3-a-52-g30416fa
     0 | D:1      | 0 ||| qw: Game counter: 6629
     0 | D:1      | 0 ||| qw: Melee chars always use a shield: true
     0 | D:1      | 0 ||| qw: God list: Okawaru
     0 | D:1      | 0 ||| qw: Allow faded altars: false
     0 | D:1      | 0 ||| qw: Do Orc after clearing Dungeon:15 true
     0 | D:1      | 0 ||| qw: Do second Lair branch before Depths: true
     0 | D:1      | 0 ||| qw: Lair rune preference: random
     0 | D:1      | 0 ||| qw: Goals: Normal
     0 | D:1      | 0 ||| PLANNING D:1-11
   106 | D:1      | Reached skill level 3 in Ranged Weapons
   117 | D:1      | Reached XP level 2. HP: 23/23 MP: 2/2
   455 | D:1      | 455 ||| UPGRADING to +0 ring mail.
   465 | D:1      | 465 ||| DROPPING +0 robe.
   466 | D:1      | 466 ||| READING scroll labelled YNTORA PUGE.
   470 | D:1      | 470 ||| READING 3 scrolls labelled WUAS XIEKK.
   471 | D:1      | 471 ||| DROPPING scroll of poison.
   472 | D:1      | 472 ||| DROPPING 2 scrolls of vulnerability.
   475 | D:2      | Noticed Robin
   479 | D:2      | 479 ||| STAIRDANCE
   481 | D:1      | HP: 5/24 [goblin/+0 dagger[Robin] (3)]
   483 | D:1      | HP: 1/24 [goblin/+2 dagger of holy wrath[Robin] (3)]
   483 | D:1      | Slain by a goblin

Levels and vault maps discovered:
D:1:      mrwooster_arrival_statue_3, layout_rooms
D:2:      layout_rooms, serial_corexii_hall, corexii_hall_statues_deadend,
          chequers_hall_statues_corner_a, chequers_hall_statues_y,
          kennysheep_generic_room_6, uniq_jessica, uniq_crazy_yiuf_cottage,
          uniq_robin, uniq_natasha

Skill      XL: |  1  2 |
---------------+-------+-----
Ranged Weapons | 3 |  3.5
Fighting       | 2 |  2.0
Dodging        | |  2.1
Spellcasting   | |  1.0
Hexes          | |  2.0

Action                     || total
---------------------------++-------
   Fire: Sling             ||    60
    Use: Scroll            ||     2
 Armour: Ring mail         ||     7
         Robe              ||     3
  Dodge: Dodged            ||    12

Table legend:
 A = Non-vault XP
 B = Vault XP
 C = Vault XP percentage of total XP
 D = Non-vault monster count
 E = Vault monster count
 F = Vault count percentage of total count
                 A         B        C        D         E       F
            +---------+---------+-------+---------+---------+-------
      Total |      38 |       1 |   2.6 |      25 |       1 |   3.8
            +---------+---------+-------+---------+---------+-------
        D:1 |      37 |       0 |   0.0 |      24 |       0 |   0.0
        D:2 |       1 |       1 |  50.0 |       1 |       1 |  50.0
            +---------+---------+-------+---------+---------+-------
